woodfighter, chaotic female elven Rogue -------- ##-......| # |...<..| # --.-.--- # ###### # # # # # ### # # # # # ## -------# -|-----|- |m.)+.|# |.......| |(@!?.|# |.......| |!.f..-# |...*...| |!%!.@| |.......| ------- --------- woodfighter the Cutpurse Experience level: 3 Strength: 16 Dexterity: 16 Constitution: 14 Intelligence: 9 Wisdom: 8 Charisma: 13 Health: 0(22) Energy: 13(13) Def: 4 Gold: 0 Moves: 1431 Dungeon seed: 6QNc02LTxK47jEiW Game ID: woodfighter_1514654369 Your Inventory: Weapons a - a +0 elven short sword (weapon in hand) b - 15 +0 elven daggers (in quiver) Armor e - an uncursed +1 leather armor (being worn) n - an uncursed +0 pair of leather gloves (being worn) q - an uncursed +0 orcish helm N - a cursed -1 pair of levitation boots Y - an uncursed +0 pair of jumping boots Wands h - a wand of opening (0:3) u - a wand of enlightenment (0:13) Tools g - an uncursed blindfold s - an uncursed sack y - an uncursed lock pick Contents of the sack: 205 gold pieces 3 [uncursed] food rations a [blessed] scroll of enchant armor a [uncursed] scroll of enchant weapon a [uncursed] scroll of identify a [blessed] scroll of identify a [cursed] spellbook of cure sickness a [uncursed] spellbook of dig a [uncursed] potion of extra healing a [uncursed] potion of healing a [uncursed] potion of invisibility a [uncursed] potion of oil an uncursed potion of sickness Spells and supernatural/magical abilities: Name Level Category Fail Memory W - pray for help -- divine ? -- Your skills at the end: Miscellaneous Skills wands [Basic] Weapon Skills dagger [Basic] short sword [Basic] Spellcasting Skills Final Attributes: You were piously aligned. You had infravision. You were stealthy. You were held by a giant mimic. You are dead. Vanquished creatures: a hobbit 3 giant rats 3 brown molds a yellow mold 2 jackals a kobold 4 newts a goblin a sewer rat 4 grid bugs 3 lichens 24 creatures vanquished. Voluntary challenges: You did not adorn yourself with jewelry or accessories. You did not cause conflict. You were not invisible. You did not have reflection. You were not displaced. You were an atheist. You used a wielded weapon 20 times, starting on turn 207. You did not apply a unicorn horn. You did not use plumbed fixtures. You did not drink any magical draughts. You were illiterate. You never genocided any monsters. You never polymorphed an object. You never changed form. You used no wishes. You never split a pudding. You never wrote Elbereth's name. You never violated your personal moral code. Dungeon overview: The Dungeons of Doom: levels 1 to 4 Level 1 some fountains a long staircase Level 2 Level 3 (vault) an armor shop, some fountains Level 4 <- You were here a general store History has recorded: On T:1 you entered the Dungeons of Doom to retrieve the Amulet of Yendor! On T:370 you reached level 2 of The Dungeons of Doom. On T:668 you reached level 3 of The Dungeons of Doom. On T:805 you advanced to experience level 2. On T:1150 you advanced to experience level 3. On T:1210 you reached level 4 of The Dungeons of Doom. Score breakdown: Gold: 205 ( 20 points) Experience: 3 levels ( 200 points) Exploration: 4 levels ( 90 points) Discoveries: 14 items ( 700 points) Variety of kills: 11 monsters ( 550 points) Major goal: (nothing yet) ( 0 points) Survival: died (score multiplied by 3) Total score: 4680 Latest messages: The scroll turns to dust as you pick it up. (You can name a scroll labeled KERNOD WEL from the item naming menu.) You bought a scroll of identify for 20 gold pieces. You bought a scroll of enchant weapon for 60 gold pieces. "Thank you for shopping in Inuvik's general store!" You put 166 gold pieces into the sack. You put 3 food rations into the sack. You put a scroll of identify into the sack. You put a scroll of enchant weapon into the sack. You put a scroll called enchant armor/remove curse into the sack. You put a yellow potion into the sack. You put a potion of oil into the sack. You put a swirly potion into the sack. Wait! That's a giant mimic! You stop exploring. The giant mimic claws you! (2x) You die... Inuvik gratefully inherits all your possessions. Final status: Goodbye woodfighter the Rogue, killed by a giant mimic... You died in The Dungeons of Doom on dungeon level 4 with 4680 points, and 205 pieces of gold, after 1431 moves. You were level 3 with a maximum of 22 hit points when you died.